 Dungeon Crawl Stone Soup version 0.29-a0-802-g34511f41fd (webtiles) character file.

Game seed: 9316175562660980623

39 porpoise the Vexing (level 3, -2/28 HPs)
             Began as a Formicid Arcane Marksman on July 4, 2022.
             Slain by a goblin
             ... wielding a +0 club
             ... led by Robin
              (4 damage)
             ... on level 2 of the Dungeon.
             The game lasted 00:07:43 (1781 turns).

porpoise the Vexing (Formicid Arcane Marksman)      Turns: 1781, Time: 00:07:44

Health: -2/28      AC:  3    Str: 14    XL:     3   Next: 67%
Magic:  4/4        EV: 12    Int: 12    God:
Gold:   108        SH:  0    Dex: 16    Spells: 3/4 levels left

rFire   . . .      SeeInvis +   b - +0 long sword (holy)
rCold   . . .      Faith    .   (no shield)
rNeg    . . .      Spirit   .   l - +0 leather armour
rPois   .          Reflect  .   (helmet unavailable)
rElec   .          Harm     .   (no cloak)
rCorr   .          Rampage  .   (no gloves)
Will    .....                   (no boots)
Stlth   ++........              (no amulet)
HPRegen 0.09/turn               (no ring)
MPRegen 0.09/turn               (no ring)

@: no status effects
A: permanent stasis, dig shafts and tunnels, antennae 3, four strong arms
a: Dig, Shaft Self


You were on level 2 of the Dungeon.
You visited 1 branch of the dungeon, and saw 2 of its levels.

You collected 168 gold pieces.
You spent 60 gold pieces at shops.

Inventory:

Hand Weapons
 a - a +0 sling
 b - a +0 long sword of holy wrath (weapon)
 c - a +0 short sword
Armour
 l - a +0 leather armour (worn)
Scrolls
 e - 3 scrolls of vulnerability
 g - 2 scrolls of teleportation {unknown}
 j - a scroll of noise {unknown}
Potions
 d - a potion of cancellation {unknown}
 f - a potion of resistance {unknown}
 h - a potion of degeneration {unknown}
 i - a potion of attraction {unknown}
 k - a potion of might {unknown}
 m - a potion of heal wounds


   Skills:
 * Level 2.5 Fighting
 * Level 2.9 Ranged Weapons
 - Level 1.7 Dodging
 + Level 1.0 Stealth
 - Level 1.1 Spellcasting
 - Level 3.6 Hexes


You had 3 spell levels left.
You knew the following spells:

 Your Spells              Type           Power      Damage    Failure   Level
a - Slow                  Hex            36%        N/A       9%          1

Your spell library contained the following spells:

 Spells                   Type           Power      Damage    Failure   Level
 Inner Flame              Hex/Fire       5%         N/A       47%         3
 Portal Projectile        Hex/Tloc       10%        N/A       47%         3
 Cause Fear               Hex            4%         N/A       65%         4


Dungeon Overview and Level Annotations

Branches:
Dungeon (2/15)

Altars:
Wu Jian

Shops:
D:2 *

Annotations:
D:2 Robin


Innate Abilities, Weirdness & Mutations

You cannot be hasted, slowed, berserked, paralysed or teleported.
You can dig through walls and to a lower floor.
You have a pair of large antennae on your head. (SInv)
Your four strong arms can wield two-handed weapons with a shield.


Message History

You shoot a sling bullet. The hobgoblin shouts!
The sling bullet hits the hobgoblin.
The hobgoblin is severely wounded.
You hear a shout!
A goblin comes into view. It is wielding a +0 dagger.
Robin roars a battlecry!
The goblins go into a battle-frenzy!
A goblin comes into view. It is wielding a +0 club.
A frilled lizard comes into view.
Robin throws the goblin at you! The goblin hits you but does no damage.
The goblin hits you with a +0 club. The goblin attacks as you move away!
The goblin misses you. The goblin attacks as you move away!
The goblin hits you with a +0 club.
Your +0 long sword of holy wrath softly glows with a divine radiance!
b - a +0 long sword of holy wrath (weapon)
The goblin closely misses you. Robin throws the goblin at you!
You hit the hobgoblin but do no damage.
The hobgoblin is heavily wounded.
The goblin completely misses you.
The hobgoblin hits you but does no damage.
The goblin hits you but does no damage. The goblin attacks as you move away!
The goblin barely misses you. The hobgoblin attacks as you move away!
The hobgoblin barely misses you. The goblin hits you with a +0 dagger.
You barely miss the hobgoblin.
The hobgoblin is heavily wounded.
The goblin completely misses you. The hobgoblin misses you.
You hit the hobgoblin.
You kill the hobgoblin!
The goblin no longer looks unusually strong.
Robin throws the goblin at you! The goblin hits you with a +0 club.
Your Stealth skill increases to level 1!
The goblin barely misses you. The goblin hits you with a +0 club.
* * * LOW HITPOINT WARNING * * *
You miss the goblin. Your punch misses the goblin.
The goblin hits you but does no damage. The goblin hits you with a +0 dagger.
* * * LOW HITPOINT WARNING * * *
The goblin hits you with a +0 club.
You die...

.........<.♣##
.........♣.∩.♣#######
...........♣.........#
####..######..######.#
.......# ##...#....##
####...########.......#
.....#...........######
.....##########..#
.....# ########g@#
.....###.......gg###
......##.#######gg.#
............ ##l..##
.....######. #8g..8#
.....# ##...## #....#
#...# ....## ##...##
..#.# #8...8#


You could see Robin, a hobgoblin (strong), 4 goblins and a frilled lizard.

Vanquished Creatures
  A worm (D:2)
  A dart slug (D:1)
  2 ball pythons (D:1)
  2 endoplasms
  3 giant cockroaches (D:1)
  5 goblins (D:1)
  2 hobgoblins
  2 kobolds (D:1)
  A quokka (D:2)
  4 bats (D:1)
  2 frilled lizards (D:1)
  7 rats
32 creatures vanquished.

Notes
Turn   | Place    | Note
-------+----------+-------------------------------------------
     0 | D:1      | porpoise the Formicid Arcane Marksman began the quest for
                  | the Orb.
     0 | D:1      | Reached XP level 1. HP: 15/15 MP: 2/2
   152 | D:1      | Reached XP level 2. HP: 22/22 MP: 3/3
   560 | D:1      | Reached XP level 3. HP: 9/27 MP: 4/4
  1293 | D:2      | Found an ornate altar of the Wu Jian Council.
  1734 | D:2      | Found Lekiuma's General Store.
  1741 | D:2      | Bought a potion of heal wounds for 60 gold pieces
  1765 | D:2      | Noticed Robin
  1780 | D:2      | Reached skill level 1 in Stealth
  1781 | D:2      | Slain by a goblin

Illustrated notes

Levels and vault maps discovered:
D:1:      amcnicky_arrival_flooded_fountain, layout_loops_cross,
          minmay_rat_gold_closets
D:2:      layout_rooms, shapermc_ecumenical_altar_mp_urbaneastern, serial_shops,
          nicolae_shop_trees, basic_altar, corexii_hall_statues_x,
          uniq_crazy_yiuf_cottage, uniq_robin

Skill      XL: |  1  2  3 |
---------------+----------+-----
Fighting       | 2 |  2.5
Stealth        | 1 |  1.0
Ranged Weapons | |  2.9
Dodging        | |  1.7
Spellcasting   | |  1.1
Hexes          | |  3.6

Action                   || total
-------------------------++-------
Melee: Short sword       ||    47
       Hand axe          ||     8
       Long sword        ||     4
 Fire: Sling             ||    44
 Stab: Sleeping          ||     2
Armor: Robe              ||     7
       Leather armour    ||     6
Dodge: Dodged            ||    45

Table legend: (Time is in decaauts)
 A = Elapsed time spent in this place.
 B = Non-inter-level travel time spent in this place.
 C = Inter-level travel time spent in this place.
 D = Time resting spent in this place.
 E = Time spent auto-exploring this place.
 F = Levels seen in this place.
 G = Mean time per level.
                   A        B        C        D        E       F      G
               +--------+--------+--------+--------+--------+-----+--------+
         Total |   1793 |   1735 |     58 |    720 |    643 |   2 |  896.5 |
       Dungeon |   1793 |   1735 |     58 |    720 |    643 |   2 |  896.5 |
               +--------+--------+--------+--------+--------+-----+--------+

Top non-repeatable levels by time:
     D:1: 1319 daAuts
     D:2: 474 daAuts
